 Dungeon Crawl Stone Soup version 0.22-a0-252-gcace5d2 (webtiles) character file.

46 4thArraOfDagon the Ducker (level 3, -1/17 HPs)
             Began as a Felid Chaos Knight on Mar 2, 2018.
             Slain by an orc wizard
             ... wielding a +0 dagger
              (5 damage)
             ... on level 4 of the Dungeon.
             The game lasted 00:02:42 (631 turns).

4thArraOfDagon the Ducker (Felid Chaos Knight)       Turns: 631, Time: 00:02:42

Health: -1/17      AC:  1    Str:  8    XL:     3   Next: 44%
Magic:  4/4        EV: 19    Int: 14    God:    Xom [*.....]
Gold:   105        SH:  0    Dex: 15    Spells: 2/2 levels left
                                        Lives:  0   Deaths: 0

rFire    . . .     SeeInvis +     - Unarmed
rCold    . . .     Gourm    .   (shield unavailable)
rNeg     . . .     Faith    .   (armour unavailable)
rPois    .         Spirit   .   (helmet unavailable)
rElec    .         Reflect  .   (cloak unavailable)
rCorr    .         Harm     .   (gloves unavailable)
MR       .....                  (boots unavailable)
Stlth    +++.......             c - amulet of magic regeneration
HPRegen  0.05/turn              (no ring)
MPRegen  0.34/turn              (no ring)

@: quick
A: very small, no armour, no weapons or thrown items, stealth, claws 1, fangs 3,
see invisible, carnivore, speed 1, shaggy fur 1, slow metabolism 1, sharp paws
a: Renounce Religion


You were on level 4 of the Dungeon.
You worshipped Xom.
You were a special plaything of Xom.
You were full.

You visited 1 branch of the dungeon, and saw 4 of its levels.

You collected 105 gold pieces.

Inventory:

Jewellery
 c - an amulet of magic regeneration (around neck)
Wands
 f - a wand of paralysis (6)
Scrolls
 b - 2 scrolls of teleportation {unknown}
 d - a scroll of identify {unknown}
 e - a scroll of magic mapping {unknown}
 g - a scroll of remove curse {unknown}
Comestibles
 a - 2 rations


   Skills:
 - Level 3.0 Fighting
 + Level 3.7 Dodging
 * Level 2.8 Stealth
 * Level 3.6 Unarmed Combat


You had 2 spell levels left.
You didn't know any spells.

Dungeon Overview and Level Annotations

Branches:
Dungeon (4/15)             Temple (0/1) D:4

Altars:
Dithmenos

Annotations:
D:2 Natasha
D:3 1 exclusion


Innate Abilities, Weirdness & Mutations

You cannot wear armour.
You are incapable of wielding weapons or throwing items.
Your paws allow you to move quietly. (Stealth)
You have sharp claws.
You have razor-sharp teeth.
You have supernaturally acute eyesight. (SInv)
You are carnivorous and can eat meat at any time.
You cover ground quickly.
You are covered in fur. (AC +1)
You have a slow metabolism.
Your sharp claws are effective at attacking unaware monsters.


Message History

Evoke which item? (* to show all) (? for menu, Esc to quit)
Aiming: Paralyse
Press: ? - help, Shift-Dir - straight line, f/p - orc wizard
Aim: an orc wizard, wielding a dagger and wearing a robe (heavily wounded, fast, chance to defeat MR: 46%)
The orc wizard resists with some effort.
The orc shouts!
The orc wizard points at you and mumbles some strange words.
The puff of flame hits you!
* * * LOW HITPOINT WARNING * * *
The orc wizard completely misses you.
Unknown command.
Unknown command.
Evoke which item? (* to show all) (? for menu, Esc to quit)
Aiming: Paralyse
Press: ? - help, Shift-Dir - straight line, f/p - orc wizard
Aim: an orc wizard, wielding a dagger and wearing a robe (heavily wounded, fast, chance to defeat MR: 46%)
The orc wizard resists with some effort.
The orc wizard hits you with a dagger.
You die...
Xom is highly amused!

############
#..........###
#.#####.@o.).# #.#
#.##)#.# #o# #.##.#.#
#.# #.##.#.#####.o
#####o### #.##.[.....o..
#....#...o..#########...
#.###.####.o#
#.##.....#...
#....#.....


You could see an orc wizard and an orc.

Vanquished Creatures
  An orc wizard (D:4)
  A bat (D:1)
  2 goblins (D:1)
  2 rats
6 creatures vanquished.

Vanquished Creatures (collateral kills)
  A hound skeleton (D:4)
  3 orcs (D:4)
4 creatures vanquished.

Grand Total: 10 creatures vanquished

Notes
Turn   | Place    | Note
-------+----------+-------------------------------------------
     0 | D:1      | 4thArraOfDagon the Felid Chaos Knight began the quest for the Orb.
     0 | D:1      | Reached XP level 1. HP: 10/10 MP: 2/2
    68 | D:1      | XOM: harmless Chrm miscast
    99 | D:1      | XOM: silly message
   107 | D:1      | Reached skill level 1 in Stealth
   249 | D:2      | Noticed Natasha
   261 | D:2      | XOM: butterfly on damage
   325 | D:3      | Found a shadowy altar of Dithmenos.
   383 | D:3      | Noticed an orc wizard
   383 | D:3      | XOM: snakes to sticks
   393 | D:3      | XOM: fog
   409 | D:4      | Found a staircase to the Ecumenical Temple.
   446 | D:4      | XOM: fog
   509 | D:4      | XOM: god gift: glowing hand axe {god gift}
   516 | D:4      | XOM: summons 1 friendly demon
   525 | D:4      | Reached XP level 2. HP: 6/14 MP: 3/3
   595 | D:4      | Reached XP level 3. HP: 11/17 MP: 4/4
   617 | D:4      | XOM: cast spell 'Summon Hydra'
   631 | D:4      | Slain by an orc wizard

Vault maps used:
D:1:      dpeg_arrival_tiny_a, serial_forest, infiniplex_forest_lined_3,
          infiniplex_forest_clump_diagonal, infiniplex_forest_straight_2,
          infiniplex_forest_lined_corner, infiniplex_forest_clump_curved,
          infiniplex_forest_clump_curved, infiniplex_forest_end_1,
          infiniplex_forest_fountain, infiniplex_forest_corner_1,
          infiniplex_forest_lined_3
D:2:      marbit_many_paths, xom_redecorated, fedhas_altar_2, tso_altar,
          uniq_terence, uniq_natasha, uniq_sigmund
D:3:      grunt_dithmenos_smoke, kennysheep_slug_shrine, first_ration
D:4:      minmay_temple_entry_glass, serial_shops, kennysheep_little_box

Skill      XL: |  1  2 |
---------------+-------+-----
Stealth        | 1 2 |  2.8
Fighting       | |  3.0
Dodging        | |  3.7
Unarmed Combat | |  3.6

Action                   || total
-------------------------++-------
Melee: Unarmed           ||    17
       Bite              ||     1
Evoke: Wand              ||     5
  Use: Potion            ||     1
 Stab: Paralysed         ||     1
  Eat: Chunk             ||     4
Armor: Skin              ||     2
Dodge: Dodged            ||    18

Table legend:
 A = Spawn XP
 B = Non-spawn XP
 C = Spawn XP percentage of total XP
 D = Spawn monster count
 E = Non-spawn monster count
 F = Spawn count percentage of total count
 G = Total turns spent on level
                    A         B        C        D         E        F      G
               +---------+---------+-------+---------+---------+-------+---------
         Total |       0 |      66 |   0.0 |       0 |      10 |   0.0 |   631
               +---------+---------+-------+---------+---------+-------+---------
           D:1 |       0 |       7 |   0.0 |       0 |       4 |   0.0 |   220
           D:4 |       0 |      59 |   0.0 |       0 |       6 |   0.0 |   236
               +---------+---------+-------+---------+---------+-------+---------
